 Dungeon Crawl Stone Soup version 0.30-a0-721-ga6a225cb13 (webtiles) character file.

Game seed: 3757105585521829132

711 sanka the Cudgeller (level 7, -2/52 HPs)
             Began as a Mummy Chaos Knight on Jan 27, 2023.
             Was a Plaything of Xom.
             Slain by an ice beast (6 damage)
             ... on level 5 of the Dungeon.
             The game lasted 00:06:50 (3044 turns).

sanka the Cudgeller (Mummy Chaos Knight)            Turns: 3044, Time: 00:06:51

Health: -2/52      AC:  8    Str: 17    XL:     7   Next: 40%
Magic:  7/7        EV: 11    Int: 12    God:    Xom [...*..]
Gold:   158        SH:  0    Dex: 11    Spells: 6/6 levels left

rFire   . . .      SeeInvis .    a - +0 mace (chaos)
rCold   + . .      Faith    +    (no shield)
rNeg    + + +      Spirit   .    r - +2 leather armour
rPois   ∞          Reflect  .    (no helmet)
rElec   .          Harm     .    m - +2 cloak
rCorr   .          Rampage  .    (no gloves)
Will    .....                    (no boots)
Stlth   +                        (no amulet)
HPRegen 0.28/turn                k - ring of protection from fire
MPRegen 0.10/turn                (no ring)

@: no status effects
A: cold resistance 1, negative energy resistance 3, torment resistance 2, heat
vulnerability 1, in touch with death 1, no potions, faith
a: Renounce Religion


You were on level 5 of the Dungeon.
You worshipped Xom.
You were a favourite toy of Xom.
You visited 1 branch of the dungeon, and saw 5 of its levels.

You collected 158 gold pieces.


Innate Abilities, Weirdness & Mutations

You are immune to poison.
Your flesh is cold resistant. (rC+)
You are immune to negative energy. (rN+++)
You are immune to unholy pain and torment.
You are vulnerable to heat. (rF-)
You are in touch with the powers of death.
You do not drink.
You have a special connection with the divine. (Faith)


   Skills:
 - Level 3.0 Fighting
 + Level 7.3 Maces & Flails
 - Level 1.5 Armour
 - Level 0.7 Dodging


You had 6 spell levels left.
You didn't know any spells.
Your spell library contained the following spells:

 Spells                   Type           Power      Damage    Failure   Level
 Kiss of Death            Conj/Necr      0%         2d5       36%         1
 Magic Dart               Conj           0%         1d3       36%         1
 Searing Ray              Conj           0%         2d4       52%         2
 Confusing Touch          Hex            0%         N/A       75%         3
 Dispel Undead            Necr           0%         3d6       98%         4
 Fulminant Prism          Conj/Hex       0%         3d5       98%         4

Inventory:

Hand Weapons
 a - a +0 mace of chaos (weapon)
 b - the +3 sling "Qoelito" {drain, rElec Str+6 Int-2 SInv}

   Str:       It affects your strength (+6).
   Int:       It affects your intelligence (-2).
   rElec:     It insulates you from electricity.
   SInv:      It lets you see invisible.
Missiles
 o - a throwing net {=f}
 s - 5 curare-tipped darts {=f}
Armour
 m - a +2 cloak (worn)
 r - a +2 leather armour (worn)
Magical Staves
 q - a staff of cold
Jewellery
 j - a ring of magical power
 k - a ring of protection from fire (left hand)
 v - a ring of fire
Scrolls
 d - 2 scrolls of immolation {unknown}
 e - 4 scrolls of teleportation {unknown}
 f - a scroll of silence {unknown}
 g - a scroll of enchant armour {unknown}
 h - 2 scrolls of vulnerability {unknown}
 i - a scroll of fog {unknown}
 l - 4 scrolls of identify {unknown}
 n - 2 scrolls of noise {unknown}
 p - a scroll of fear {unknown}
 t - a scroll of blinking {unknown}
 u - 2 scrolls of amnesia {unknown}
Miscellaneous
 c - a piece from Xom's chessboard (15/15) (quivered)

Dungeon Overview and Level Annotations

Branches:
Dungeon (5/15)             Temple (0/1) D:5

Altars:
Hepliaklqana
Vehumet
Wu Jian
Xom

............▒▒..!
▒............▒▒▒.
▒▒...............▒
▒...............▒▒
▒...............▒
▒▒...............▒
▒...............▒▒
▒.Y...........▒▒▒
▒.M..........▒
▒.............
▒............
▒............
▒▒......▒▒▒..
▒▒.▒▒▒▒▒ ▒▒ ▒▒▒


You could see an ice beast (fast, agile, resistant).


Message History

You barely miss the ice beast.
The ice beast is heavily wounded.
The ice beast hits you.
* * * LOW HITPOINT WARNING * * *
The ice beast freezes you!
* * * LOW HITPOINT WARNING * * *
You sock the ice beast!
The ice beast suddenly seems more agile.
The ice beast is severely wounded.
The ice beast hits you but does no damage.
The ice beast hits you but does no damage.
You closely miss the ice beast.
The ice beast is severely wounded.
The ice beast hits you but does no damage.
You closely miss the ice beast.
The ice beast is severely wounded.
The ice beast hits you.
* * * LOW HITPOINT WARNING * * *
The ice beast freezes you!
* * * LOW HITPOINT WARNING * * *
The ice beast hits you but does no damage.
You remove your ring of fire.
The ice beast closely misses you.
You miss the ice beast.
The ice beast is severely wounded.
The ice beast hits you.
* * * LOW HITPOINT WARNING * * *
The ice beast freezes you. You resist.
You die...

Action                     |  1- 3 |  4- 6 |  7- 9 || total
---------------------------+-------+-------+-------++-------
  Melee: Mace              |    83 |   118 |    90 ||   291
         Punch             |       |       |     1 ||     1
   Fire: Sling             |       |    42 |       ||    42
   Stab: Petrifying        |     2 |       |       ||     2
         Petrified         |       |       |     4 ||     4
 Armour: Leather armour    |    39 |    46 |    37 ||   122
  Dodge: Dodged            |    59 |    82 |    42 ||   183

Levels and vault maps discovered:
D:1:      moated_graveyard_arrival, layout_rooms,
          ebering_ecumenical_altar_ruins, serial_glass, glass_columns_a,
          glass_columns_a
D:2:      layout_loops_ring
D:3:      cheibrodos_thug_alley, layout_rooms, minmay_strange_pillars,
          minmay_shallow_snake_nest
D:4:      layout_loops_cross, zin_statuary, grunt_temple_overflow_open,
          serial_undead, serial_undead_d, serial_undead_d, serial_undead_c,
          serial_undead_d, serial_undead_a, solitary_fountain
D:5:      layout_cave_pods, temple_fountains, amcnicky_mini_pool_small,
          minmay_door_square

Notes
Turn   | Place    | Note
-------+----------+-------------------------------------------
     0 | D:1      | sanka the Mummy Chaos Knight began the quest for the Orb.
     0 | D:1      | Reached XP level 1. HP: 18/18 MP: 1/1
    34 | D:1      | XOM: silly message
   128 | D:1      | XOM: divination: detect creatures
   215 | D:1      | Found a faded altar of an unknown god.
   231 | D:1      | Reached skill level 3 in Maces & Flails
   231 | D:1      | Reached XP level 2. HP: 24/24 MP: 2/2
   259 | D:1      | XOM: silly message
   343 | D:1      | XOM is BORED!
   838 | D:2      | Gained mutation: You are in touch with the powers of death.
                  | [Mummy growth]
   838 | D:2      | Reached XP level 3. HP: 29/29 MP: 3/3
   972 | D:2      | XOM: 7-stop teleportation journey
  1128 | D:2      | XOM: cloud trail
  1176 | D:3      | XOM: smoke on damage
  1202 | D:3      | XOM: divination: magic mapping
  1269 | D:3      | Reached skill level 4 in Maces & Flails
  1301 | D:3      | Reached XP level 4. HP: 33/35 MP: 4/4
  1390 | D:3      | Noticed a kobold brigand
  1444 | D:3      | Identified the +3 sling "Qoelito" {drain, rElec Str+6 Int-2
                  | SInv}
  1488 | D:3      | XOM: stat loss: -1 Str (16/17)
  1626 | D:3      | Noticed a kobold brigand
  1637 | D:3      | XOM: cast spell 'Alistair's Intoxication'
  1638 | D:3      | XOM: potion effect (heal wounds)
  1640 | D:3      | XOM: potion effect (might)
  1650 | D:3      | XOM: noise
  1657 | D:2      | XOM: divination: magic mapping
  1660 | D:2      | Killed a kobold brigand
  1661 | D:2      | Reached skill level 5 in Maces & Flails
  1661 | D:2      | Reached XP level 5. HP: 27/41 MP: 5/5
  1987 | D:4      | Reached XP level 6. HP: 47/47 MP: 6/6
  2013 | D:4      | XOM: god gift: spear {god gift}
  2036 | D:4      | XOM: 2-stop teleportation journey
  2051 | D:4      | Reached skill level 6 in Maces & Flails
  2107 | D:4      | XOM: noise
  2304 | D:4      | XOM: divination: detect creatures
  2328 | D:4      | XOM: cast spell 'Leda's Liquefaction'
  2449 | D:4      | Reached XP level 7. HP: 52/52 MP: 7/7
  2470 | D:4      | Found a shimmering altar of Xom.
  2475 | D:4      | Found an ornate altar of the Wu Jian Council.
  2476 | D:4      | Found a radiant altar of Vehumet.
  2476 | D:4      | Found a hazy altar of Hepliaklqana.
  2501 | D:4      | XOM: silly message
  2547 | D:4      | Reached skill level 7 in Maces & Flails
  2573 | D:4      | XOM: cloud trail
  2590 | D:4      | XOM: stat loss: -1 Str (16/17)
  2634 | D:4      | XOM: silly message
  2834 | D:5      | Entered Level 5 of the Dungeon
  2930 | D:5      | Found a staircase to the Ecumenical Temple.
  3020 | D:5      | XOM: 3-stop teleportation journey
  3044 | D:5      | HP: 4/52 [ice beast (3)]
  3044 | D:5      | Slain by an ice beast

Vanquished Creatures
  A centaur (D:5)
  2 kobold brigands
  A scorpion (D:4)
  A water moccasin skeleton (D:4)
  A bullfrog zombie (D:4)
  A hound (D:4)
  An iguana (D:4)
  2 hound zombies (D:4)
  A hound skeleton (D:4)
  7 adders
  A howler monkey skeleton (D:4)
  An adder zombie (D:4)
  An adder skeleton (D:4)
  A worm (D:4)
  6 dart slugs
  6 endoplasms
  6 giant cockroaches
  5 goblins
  9 hobgoblins
  3 quokkas
  6 ball pythons
  4 bats
  4 frilled lizards
  13 kobolds
  A quokka zombie (D:4)
  5 rats
90 creatures vanquished.

Vanquished Creatures (collateral kills)
  A necrophage (D:4)
  A hound zombie (D:4)
  A hound skeleton (D:4)
  A goblin (D:4)
4 creatures vanquished.

Vanquished Creatures (others)
  A plant (D:3)
1 creature vanquished.

Grand Total: 95 creatures vanquished
